 Dungeon Crawl Stone Soup version 0.29-a0-1009-g60c99734e7 (webtiles) character file.

Game seed: 18320924285528315541

186 vurker the Chopper (level 5, -3/34 HPs)
             Began as a Gargoyle Monk on Aug 8, 2022.
             Slain by an ogre
             ... wielding a +0 giant club
              (16 damage)
             ... on level 4 of the Dungeon.
             The game lasted 00:03:34 (3167 turns).

vurker the Chopper (Gargoyle Monk)                  Turns: 3167, Time: 00:03:34

Health: -3/34      AC: 12    Str: 17    XL:     5   Next: 66%
Magic:  5/5        EV: 11    Int: 10    God:
Gold:   295        SH:  0    Dex: 12    Spells: 4/4 levels left

rFire   . . .      SeeInvis .   m - +1 battleaxe
rCold   . . .      Faith    .   (shield currently unavailable)
rNeg    + . .      Spirit   .   h - +0 ring mail
rPois   ∞          Reflect  .   k - +2 helmet
rElec   +          Harm     .   (no cloak)
rCorr   .          Rampage  .   (no gloves)
Will    .....                   (no boots)
Stlth   +.........              (no amulet)
HPRegen 0.11/turn               (no ring)
MPRegen 0.09/turn               (no ring)

@: no status effects
A: sickness immunity, AC +4, negative energy resistance 1, electricity
resistance, torment resistance 1, petrification resistance
a: no special abilities


You were on level 4 of the Dungeon.
You visited 1 branch of the dungeon, and saw 4 of its levels.

You collected 295 gold pieces.

Inventory:

Hand Weapons
 m - a +1 battleaxe (weapon)
   (You found it on level 2 of the Dungeon)
Armour
 h - a +0 ring mail (worn)
   (You found it on level 1 of the Dungeon)
 k - a +2 helmet (worn)
   (You found it on level 1 of the Dungeon)
 r - the +0 robe of Puesuef {rCorr SInv Stlth+}
   (You found it on level 3 of the Dungeon)

   SInv:      It lets you see invisible.
   rCorr:     It protects you from acid and corrosion.
   Stlth:     It makes you more stealthy.
Jewellery
 g - a ring of flight
   (You found it on level 1 of the Dungeon)
Wands
 t - a wand of flame (52)
   (You found it on level 3 of the Dungeon)
Scrolls
 e - 4 scrolls of teleportation
 f - a scroll of identify
Potions
 a - a potion of haste
 b - 2 potions of might
 c - a potion of heal wounds
 d - 2 potions of lignification
 i - a potion of berserk rage
 l - 3 potions of flight
 n - 3 potions of curing


   Skills:
 + Level 4.5 Fighting
 * Level 4.6 Axes
 - Level 1.0 Armour
 - Level 2.6 Dodging
 - Level 2.1 Stealth


You had 4 spell levels left.
You didn't know any spells.
Your spell library contained the following spells:

 Spells                   Type           Power      Damage    Failure   Level
 Blink                    Tloc           0%         N/A       71%         2
 Lesser Beckoning         Tloc           0%         N/A       91%         3
 Ozocubu's Armour         Ice            0%         N/A       91%         3
 Manifold Assault         Tloc           0%         N/A       100%        5
 Ozocubu's Refrigeration  Ice            0%         4d7       100%        7


Dungeon Overview and Level Annotations

Branches:
Dungeon (4/15)
 Temple: D:4-7

Altars:
Gozag


Innate Abilities, Weirdness & Mutations

You are immune to sickness and miasma.
Your stone body is resilient. (AC +4)
You are immune to poison.
You resist negative energy. (rN+)
You are resistant to electric shocks. (rElec)
You are resistant to unholy torment.
You are immune to petrification.


Message History

A ball python comes into view.
The ball python hisses angrily.
You see here 11 gold pieces.
A ball python is nearby!
A ball python is nearby!
A ball python is nearby!
You hit the ball python.
You kill the ball python!
No target in view!
No target in view!
No target in view!
No target in view!
No target in view!
No target in view!
No target in view!
No target in view!
No target in view!
You now have 295 gold pieces (gained 11).
A giant cockroach comes into view.
Okay, then.
The giant cockroach closely misses you.
You slash the giant cockroach!
You kill the giant cockroach!
No target in view!
No target in view!
No target in view!
No target in view!
No target in view!
No target in view!
No target in view!
No target in view!
No target in view!
As you read the scroll of identify, it crumbles to dust.
a - a potion of haste You open the door.
An ogre comes into view. It is wielding a +0 giant club.
The ogre shouts!
Found a stone staircase leading down.
An ogre is nearby!
An ogre is nearby!
There is an open door here.
You hit the ogre but do no damage. The ogre misses you.
You barely miss the ogre. The ogre barely misses you.
You barely miss the ogre.
The ogre hits you with a +0 giant club!!
Ouch! That really hurt!
* * * LOW HITPOINT WARNING * * *
You slash the ogre! The ogre closely misses you.
You hit the ogre. The ogre hits you with a +0 giant club!
You die...

# #.#.##.# **,,,,,** #......## #
#.#..#.# ##.......## #..#.####
###......###.........####.....###
...........+.........+...........
##......####>........####...#.###
#...#.## *#.......#* #........
#...### *#.....#* #####.### ##.##
*#.O.#* #.# #.# *#@#* #.# #.# #.#
#.# #.##### #.# #.# #.....#
##.############.# #####.#
##...............# #.#
#......########### #.# ##.###.#
#.# #.# #.# #.#######.###.#


You could see an ogre.

Vanquished Creatures
  A scorpion (D:4)
  An orc wizard (D:3)
  An iguana (D:3)
  2 adders (D:3)
  A worm (D:2)
  3 dart slugs
  6 orcs (D:3)
  5 endoplasms
  5 giant cockroaches
  2 goblins
  4 hobgoblins
  4 kobolds
  2 quokkas (D:2)
  5 ball pythons
  3 frilled lizards
  A rat (D:3)
46 creatures vanquished.

Notes
Turn   | Place    | Note
-------+----------+-------------------------------------------
     0 | D:1      | vurker the Gargoyle Monk began the quest for the Orb.
     0 | D:1      | Reached XP level 1. HP: 14/14 MP: 1/1
   476 | D:1      | Reached XP level 2. HP: 19/19 MP: 2/2
  1333 | D:2      | Reached skill level 1 in Armour
  1436 | D:2      | Found a faded altar of an unknown god.
  1541 | D:2      | Reached XP level 3. HP: 23/23 MP: 3/3
  2289 | D:3      | Reached XP level 4. HP: 13/29 MP: 4/4
  2548 | D:3      | Reached XP level 5. HP: 32/33 MP: 5/5
  2598 | D:3      | Found an opulent altar of Gozag.
  2759 | D:3      | Identified the +0 robe of Puesuef {rCorr SInv Stlth+}
  2876 | D:4      | Identified the +9 dagger of Gozag's Delight {protect, Str+2
                  | Int+2 Dex-2}
  3159 | D:4      | Noticed an ogre
  3167 | D:4      | Slain by an ogre

Illustrated notes

Levels and vault maps discovered:
D:1:      heliophobic_arrival_glass_houses, layout_loops_corners,
          minmay_statues_item
D:2:      layout_basic, shapermc_ecumenical_altar_ellora
D:3:      layout_rooms, nicolae_gozag_cash_rules_everything_around_me
D:4:      layout_loops_corners, uniq_blork_the_orc, uniq_natasha

Skill      XL: |  1  2  3  4 |
---------------+-------------+-----
Axes           | 3 4 |  4.6
Armour         | 1 |  1.0
Fighting       | 4 |  4.5
Dodging        | |  2.6
Stealth        | |  2.1

Action                   |  1- 3 |  4- 6 || total
-------------------------+-------+-------++-------
Melee: Hand axe          |    73 |       ||    73
       Battleaxe         |    64 |    51 ||   115
  Use: Potion            |     1 |       ||     1
       Scroll            |       |    13 ||    13
Armor: Robe              |     5 |       ||     5
       Ring mail         |    63 |    24 ||    87
Dodge: Dodged            |    75 |    26 ||   101

Table legend: (Time is in decaauts)
 A = Elapsed time spent in this place.
 B = Non-inter-level travel time spent in this place.
 C = Inter-level travel time spent in this place.
 D = Time resting spent in this place.
 E = Time spent auto-exploring this place.
 F = Levels seen in this place.
 G = Mean time per level.
                   A        B        C        D        E       F      G
               +--------+--------+--------+--------+--------+-----+--------+
         Total |   3237 |   3137 |    100 |     21 |   2528 |   4 |  809.2 |
       Dungeon |   3237 |   3137 |    100 |     21 |   2528 |   4 |  809.2 |
               +--------+--------+--------+--------+--------+-----+--------+

Top non-repeatable levels by time:
     D:1: 1069 daAuts
     D:2: 956 daAuts
     D:3: 836 daAuts
     D:4: 374 daAuts
